 Dungeon Crawl Stone Soup version 0.26.1-11-gd32895ea62 (webtiles) character file.

Game seed: 9190372922382239728

570 Zeld the Chucker (level 7, -4/45 HPs)
             Began as an Octopode Brigand on May 15, 2021.
             Slain by an ogre
             ... wielding a +0 giant spiked club
              (19 damage)
             ... on level 4 of the Dungeon.
             The game lasted 00:04:35 (6095 turns).

Zeld the Chucker (Octopode Brigand)                 Turns: 6095, Time: 00:04:35

Health: -4/45      AC:  1    Str: 12    XL:     7   Next: 34%
Magic:  12/12      EV: 13    Int: 14    God:
Gold:   132        SH:  0    Dex: 13    Spells: 13/13 levels left

rFire    . . .     SeeInvis .   a - +2 dagger
rCold    . . .     Faith    .   (no shield)
rNeg     . . .     Spirit   .   (helmet restricted)
rPois    .         Reflect  .   (no amulet)
rElec    .         Harm     .   (no ring)
rCorr    .         Rampage  .   (no ring)
Will     .....                  (no ring)
Stlth    ++++......             (no ring)
HPRegen  0.15/turn              (no ring)
MPRegen  0.13/turn              (no ring)
                                (no ring)
                                (no ring)

@: no status effects
A: almost no armour, stealthy swim, amphibious, 8 rings, constrict 8, camouflage
1, gelatinous body 1
a: no special abilities


You were on level 4 of the Dungeon.
You visited 1 branch of the dungeon, and saw 4 of its levels.

You collected 132 gold pieces.

Inventory:

Hand Weapons
 a - a +2 dagger (weapon)
Missiles
 b - 28 poisoned darts (quivered)
 c - 2 curare-tipped darts
Jewellery
 f - an uncursed ring of poison resistance {unknown}
 k - an uncursed ring of resist corrosion {unknown}
Wands
 r - a wand of flame (15)
Scrolls
 g - 4 scrolls of teleportation {unknown}
 h - a scroll of enchant weapon {unknown}
 i - 2 scrolls of amnesia {unknown}
 j - a scroll of remove curse {unknown}
 n - 2 scrolls of fog {unknown}
 o - a scroll of enchant armour {unknown}
 q - a scroll of magic mapping {unknown}
Potions
 d - 2 potions of magic {unknown}
 e - a potion of haste
 l - a potion of might
 p - 2 potions of flight


   Skills:
 - Level 2.0 Fighting
 - Level 3.7 Short Blades
 * Level 5.6 Throwing
 - Level 1.0 Dodging
 - Level 5.3 Stealth
 + Level 3.7 Spellcasting


You had 13 spell levels left.
You didn't know any spells.
Your spell library was empty.

Dungeon Overview and Level Annotations

Branches:
Dungeon (4/15)
 Temple: D:4-7

Altars:
Okawaru
Trog

Annotations:
D:2 Robin
D:4 3 runed translucent doors


Innate Abilities, Weirdness & Mutations

You cannot wear most types of armour.
You are very stealthy in the water. (Stealth+)
You are amphibious.
You can wear up to eight rings at the same time.
You can use your tentacles to constrict eight enemies at once.
Your skin changes colour to match your surroundings (Stealth+).
Your rubbery body absorbs attacks. (AC +1, EV +1)


Message History

You hit the ogre.
The ogre is lightly wounded.
The ogre hits you with a +0 giant spiked club!
You hit the ogre. You squeeze the ogre.
The ogre is moderately wounded.
You hit the ogre.
The ogre is heavily wounded.
The ogre hits you with a +0 giant spiked club.
You hit the ogre but do no damage. Your squeeze misses the ogre.
The ogre is heavily wounded.
The ogre hits you with a +0 giant spiked club!!
You are too injured to fight recklessly!
You are too injured to fight recklessly!
You are too injured to fight recklessly!
You closely miss the ogre.
The ogre is heavily wounded.
You hit the ogre.
The ogre is severely wounded.
The ogre hits you with a +0 giant spiked club!!
You die...

.<( ..## ###...###
##.......## ..!.......
##......... #(.O.....#
#@...# #######....###
###.##.........#.#
#.........##.....#
###........###.....######
#.........###..##........
##............^##........
.
###.........#............
.
#...........##.........#
.


You could see an ogre.

Vanquished Creatures
  Grinder (D:4)
  Sigmund (D:2)
  A hound (D:4)
  A worker ant (D:4)
  Terence (D:2)
  3 adders
  An ooze (D:2)
  A worm (D:3)
  A dart slug (D:1)
  4 leopard geckos
  An orc (D:3)
  A giant cockroach (D:3)
  10 goblins
  6 hobgoblins
  17 jackals
  3 quokkas (D:3)
  A ball python (D:2)
  8 bats
  5 frilled lizards
  11 kobolds
  A quokka skeleton (D:4)
  2 rats
81 creatures vanquished.

Vanquished Creatures (others)
  15 plants (D:3)
15 creatures vanquished.

Grand Total: 96 creatures vanquished

Notes
Turn   | Place    | Note
-------+----------+-------------------------------------------
     0 | D:1      | Zeld the Octopode Brigand began the quest for the Orb.
     0 | D:1      | Reached XP level 1. HP: 14/14 MP: 1/1
   147 | D:1      | Reached XP level 2. HP: 17/19 MP: 2/2
   719 | D:1      | Reached skill level 1 in Spellcasting
   917 | D:1      | Reached XP level 3. HP: 24/24 MP: 4/4
  1337 | D:2      | Noticed Sigmund
  1891 | D:2      | Reached XP level 4. HP: 29/29 MP: 6/6
  1945 | D:2      | Noticed Robin
  2772 | D:2      | HP: 1/29 [Sigmund/+0 scythe (11)]
  2778 | D:2      | Killed Sigmund
  2779 | D:2      | Reached XP level 5. HP: 6/34 MP: 6/9
  2779 | D:2      | Reached XP level 6. HP: 7/39 MP: 6/10
  3046 | D:2      | Noticed Terence
  3059 | D:2      | Killed Terence
  3952 | D:3      | Found a bloodstained altar of Trog.
  4198 | D:3      | Found an iron altar of Okawaru.
  5078 | D:4      | Noticed Grinder
  5089 | D:4      | Paralysed by Grinder for 5 turns
  5117 | D:4      | Killed Grinder
  5118 | D:4      | Reached skill level 5 in Throwing
  5118 | D:4      | Reached XP level 7. HP: 10/45 MP: 10/12
  5353 | D:4      | Found a runed translucent gate.
  5353 | D:4      | Found a runed translucent gate.
  5388 | D:4      | HP: 3/67 [poisoned by a worker ant]
  5396 | D:4      | HP: 3/67 [poisoned by a worker ant]
  5898 | D:4      | Found a runed translucent gate.
  6095 | D:4      | Slain by an ogre

Illustrated notes

Levels and vault maps discovered:
D:1:      dpeg_arrival_rooms_a, layout_basic
D:2:      layout_basic, kennysheep_generic_room_8, uniq_sigmund, uniq_robin,
          uniq_terence
D:3:      wad_woods_stonehenge, layout_basic, hangedman_decor_clover_reticule,
          okawaru_trees_1
D:4:      layout_cave_pools, serial_rivers, chequers_serial_rivers_room_a,
          chequers_serial_rivers_micro_e, chequers_serial_rivers_micro_a,
          chequers_serial_rivers_micro_e, gammafunk_ghost_icy,
          minmay_liquid_box, uniq_grinder

Skill      XL: |  1  2  3  4  5  6 |
---------------+-------------------+-----
Spellcasting   | 1 2 3 |  3.7
Short Blades   | 3 |  3.7
Throwing       | 4 5 |  5.6
Fighting       | |  2.0
Dodging        | |  1.0
Stealth        | |  5.3

Action                   |  1- 3 |  4- 6 |  7- 9 || total
-------------------------+-------+-------+-------++-------
Melee: Dagger            |    45 |   118 |    24 ||   187
       Constrict         |     8 |    27 |     3 ||    38
       Tentacles         |     7 |    23 |     5 ||    35
Throw: Dart              |     1 |    10 |       ||    11
  Use: Potion            |       |     4 |     1 ||     5
       Scroll            |       |       |     4 ||     4
 Stab: Sleeping          |    19 |     8 |       ||    27
       Distracted        |     1 |     2 |       ||     3
Armor: Skin              |     2 |     7 |       ||     9
Dodge: Dodged            |    21 |    77 |     8 ||   106
